 Seeded DCSS version 0.30.0-19-g36f170ea60 (webtiles) character file.

Game seed: 18007716519941398942 (custom seed)

1325 RascalDebosk the Magician (level 8, -3/58 HPs)
             Began as a Djinni Warper on May 30, 2023.
             Slain by a wight
             ... wielding a +4 halberd
              (9 damage)
             ... on level 5 of the Dungeon.
             The game lasted 00:34:18 (3781 turns).

RascalDebosk the Magician (Djinni Warper)           Turns: 3781, Time: 00:34:18

Health: -3/58      AC:  8    Str: 10    XL:     8   Next: 91%
Gold:   246        EV: 11    Int: 20    God:
                   SH: 10    Dex: 16

rFire   + + .        a - +0 falchion
rCold   + . .        t - +0 buckler "Ajass" {rPois rC++ Regen+ MP+9}
rNeg    . . .        b - +0 leather armour
rPois   ∞            (no helmet)
rElec   .            u - +0 cloak
rCorr   .            (no gloves)
SInv    +            (boots unavailable)
Will    .....        m - amulet of Naopal {Reflect Dex+4 SH+5 Stlth+}
Stlth   ++           s - ring "Simoamm" {Int+2 Slay+5 SInv}
HPRegen 1.09/turn    w - +4 ring of protection
MPRegen 0.00/turn

%: reflection, infuse magic (-4 HP)
@: flying, very slightly contaminated
A: sickness immunity, fire resistance 2, cold vulnerability 1, float, innate
caster, HP casting, extra vitality 1
a: no special abilities


You were on level 5 of the Dungeon.
You visited 1 branch of the dungeon, and saw 5 of its levels.

You collected 246 gold pieces.

Inventory:

Hand Weapons
 a - a +0 falchion (weapon)
Missiles
 d - 7 boomerangs of dispersal (quivered)
Armour
 b - a +0 leather armour (worn)
 t - the +0 buckler "Ajass" (worn) {rPois rC++ Regen+ MP+9}
   (You acquired it on level 1 of the Dungeon)

   rC:        It greatly protects you from cold.
   rPois:     It protects you from poison.
   MP:        It affects your magic capacity (+9).
   Regen:     It increases your rate of health regeneration.
 u - a +0 cloak (worn)
Jewellery
 f - an amulet of faith
 i - an amulet of the acrobat
 m - the amulet of Naopal (around neck) {Reflect Dex+4 SH+5 Stlth+}
   (You acquired it on level 1 of the Dungeon)

   [amulet of reflection]

   It reflects blocked missile attacks.
   Dex:       It affects your dexterity (+4).
   SH:        It affects your SH (+5).
   Stlth:     It makes you more stealthy.
 s - the ring "Simoamm" (left hand) {Int+2 Slay+5 SInv}
   (You acquired it on level 1 of the Dungeon)

   [ring of see invisible]

   Int:       It affects your intelligence (+2).
   Slay:      It affects your accuracy & damage with ranged weapons and melee
   (+5).
   SInv:      It lets you see invisible.
 w - a +4 ring of protection (right hand)
 y - a ring of willpower
 B - a ring of positive energy
Wands
 F - a wand of polymorph (2)
 K - a wand of mindburst (9)
Scrolls
 c - 2 scrolls of magic mapping {unknown}
 g - 2 scrolls of blinking
 l - 2 scrolls of fog {unknown}
 n - a scroll of silence {unknown}
 o - a scroll of brand weapon {unknown}
 p - 2 scrolls of enchant armour {unknown}
 q - a scroll of butterflies {unknown}
 r - a scroll of immolation {unknown}
 v - 3 scrolls of identify {unknown}
 x - 4 scrolls of amnesia {unknown}
 C - 2 scrolls of torment {unknown}
 E - a scroll of vulnerability {unknown}
 G - 3 scrolls of teleportation {unknown}
 H - a scroll of enchant weapon {unknown}
Potions
 e - 2 potions of berserk rage {unknown}
 h - 3 potions of attraction {unknown}
 j - 3 potions of might {unknown}
 k - 2 potions of heal wounds {unknown}
 z - a potion of resistance {unknown}
 A - a potion of haste {unknown}
 I - 2 potions of curing {unknown}
 J - 3 potions of degeneration {unknown}
Miscellaneous
 D - a piece from Xom's chessboard (15/15)


   Skills:
 + Level 4.5 Fighting
 + Level 4.1 Long Blades
 - Level 0.7 Throwing
 - Level 1.0 Armour
 - Level 2.1 Dodging
 + Level 3.9 Shields
 * Level 6.0 Spellcasting


You knew the following spells:

 Your Spells              Type           Power      Damage    Failure   Level
a - Blink                 Tloc           60%        N/A       2%          2
b - Lesser Beckoning      Tloc           60%        N/A       2%          2
c - Vhi's Electric Charg  Tloc/Air       60%        N/A       4%          3
d - Teleport Other        Tloc           30%        N/A       4%          3
e - Manifold Assault      Tloc           30%        N/A       17%         4
f - Apportation           Tloc           60%        N/A       1%          1
g - Scorch                Fire           60%        2d7       2%          2
h - Ensorcelled Hibernat  Hex/Ice        60%        N/A       2%          2
Your spell library was empty.

Dungeon Overview and Level Annotations

Branches:
Dungeon (5/15)
 Temple: D:4-7

Altars:
Nemelex Xobeh
Qazlal
Ru
Wu Jian
Xom
Zin
The Shining One

Shops:
D:2 :


Innate Abilities, Weirdness & Mutations

You are immune to sickness and miasma.
You are immune to poison.
Your flesh is very heat resistant. (rF++)
You are vulnerable to cold. (rC-)
You float through the air rather than walking.
You learn spells naturally, not from books.
Your magical power is your life essence.
You have superior vitality. (+4 MHP)


Message History

You disentangle yourself.
An orc comes into view. It is wielding a +0 mace.
The orc shouts!
Casting: Vhi's Electric Charge (dangerous; 4% risk of failure)
Confirm with . or Enter, or press ? or * to list all spells.
Aiming: Ensorcelled Hibernation (safe; 2% risk of failure)
Press: ? - help, Shift-Dir - straight line, f - orc
Aim: an orc, wielding a +0 mace and wearing a +0 ring mail (chance to affect: 76%)
The orc looks drowsy...
Casting: Ensorcelled Hibernation (safe; 2% risk of failure)
Confirm with . or Enter, or press ? or * to list all spells.
Charge where?
Press: ? - help, Dir - move target, f/p - orc
Aim: an orc, wielding a +0 mace and wearing a +0 ring mail (asleep, 98% to hit)
You charge forward with an electric crackle!
The orc shouts!
You slash the orc and electrocute it!
You kill the orc!
Things that are here:
a +0 mace; a +0 ring mail
I - 2 cyan potions (gained 1)
You now have 246 gold pieces (gained 11). 2 wights come into view.
Found 12 gold pieces.
Casting: Vhi's Electric Charge (dangerous; 4% risk of failure)
Confirm with . or Enter, or press ? or * to list all spells.
You miscast Manifold Assault.
You are very lightly contaminated with residual magic.
Nothing appears to happen.
Casting: Manifold Assault (dangerous; 17% risk of failure)
Confirm with . or Enter, or press ? or * to list all spells.
Space momentarily warps into an impossible shape!
You hit the wight. x2
A wight comes into view. It is wielding a +4 halberd.
Casting: Manifold Assault (dangerous; 17% risk of failure)
Confirm with . or Enter, or press ? or * to list all spells.
Space momentarily warps into an impossible shape!
You hit the wight. You closely miss the wight.
A wight comes into view.
It is wielding a +3 hand axe of freezing.
Casting: Manifold Assault (dangerous; 17% risk of failure)
Confirm with . or Enter, or press ? or * to list all spells.
Space momentarily warps into an impossible shape!
You hit the wight. x2; You slash the wight!
The wight hits you but does no damage. The wight hits you with a +0 flail!
Casting: Manifold Assault (dangerous; 17% risk of failure)
Confirm with . or Enter, or press ? or * to list all spells.
You miscast Manifold Assault.
Nothing appears to happen.
Casting: Manifold Assault (dangerous; 17% risk of failure)
Confirm with . or Enter, or press ? or * to list all spells.
Space momentarily warps into an impossible shape!
You barely miss the wight. You hit the wight.
The wight hits you with a +0 flail.
* * * LOW HITPOINT WARNING * * *
You slash the wight!
You destroy the wight!
You barely miss the wight.
The wight is moderately damaged.
You block the wight's attack. The wight hits you with a +0 scimitar.
* * * LOW HITPOINT WARNING * * *
You hit the wight.
The wight is heavily damaged.
You block the wight's attack. x2
You hit the wight.
The wight is severely damaged.
You block the wight's attack. The wight completely misses you.
You hit the wight but do no damage.
The wight is severely damaged.
You block the wight's attack. The wight closely misses you.
Unknown command.
You closely miss the wight.
The wight is severely damaged.
The wight hits you from afar with a +4 halberd!
* * * LOW HITPOINT WARNING * * *
The wight hits you with a +0 scimitar.
* * * LOW HITPOINT WARNING * * *
Casting: Manifold Assault (dangerous; 17% risk of failure)
Confirm with . or Enter, or press ? or * to list all spells.
You miscast Blink.
Nothing appears to happen.
* * * LOW HITPOINT WARNING * * *
You block the wight's attack. x2
Casting: Blink (safe; 2% risk of failure)
Confirm with . or Enter, or press ? or * to list all spells.
You blink.
* * * LOW HITPOINT WARNING * * *
The wight closely misses you. You block the wight's attack.
You block the wight's attack.
You feel stable enough to blink again. The wight attacks as you move away!
You block the wight's attack.
You completely miss the wight.
The wight is lightly damaged.
You block the wight's attack.
The wight hits you from afar with a +4 halberd!
* * * LOW HITPOINT WARNING * * *
The wight hits you with a +3 hand axe of freezing.
* * * LOW HITPOINT WARNING * * *
The wight freezes you.
* * * LOW HITPOINT WARNING * * *
The wight hits you from afar with a +4 halberd!
You die...

## #####PP^PP# .##
######### ..##
##..# #.#
#..###..## #.#
##)..#.### #.#
###.....## #.#
#.....#..###.####
...######..).zzz.##
.## ####..##@.#
#.###### #.# ..#
#... .... .. $.


You could see 3 wights.

Vanquished Creatures
  Grinder (D:5)
  2 ogres (D:5)
  A centaur (D:5)
  3 phantoms (D:5)
  Blork the orc (D:4)
  A bullfrog (D:5)
  2 scorpions
  A wight (D:5)
  A jelly (D:5)
  A gnoll bouda (D:4)
  A hound (D:4)
  A sleepcap (D:4)
  2 iguanas
  Ijyb (D:5)
  6 gnolls
  An adder (D:2)
  A shadow imp (D:5)
  3 worms (D:2)
  4 dart slugs
  3 orcs
  3 bats
  10 endoplasms
  4 giant cockroaches
  11 goblins
  2 hobgoblins (D:1)
  6 jackals
  4 quokkas
  7 ball pythons
  4 frilled lizards
  9 kobolds
  6 rats
103 creatures vanquished.

Notes
Turn   | Place    | Note
-------+----------+-------------------------------------------
     0 | D:1      | RascalDebosk the Djinni Warper began the quest for the Orb.
     0 | D:1      | RascalDebosk set off with the following spells memorised:
                  | Blink, Lesser Beckoning, Vhi's Electric Charge, Teleport
                  | Other, Manifold Assault.
     0 | D:1      | Reached XP level 1. HP: 18/18 MP: 0/0
    47 | D:1      | Reached XP level 2. HP: 17/23 MP: 0/0
   183 | D:1      | Reached skill level 3 in Spellcasting
   263 | D:1      | Found a faded altar of an unknown god.
   263 | D:1      | Noticed a neqoxec
   439 | D:1      | Reached XP level 3. HP: 25/28 MP: 0/0
   439 | D:1      | Learned a level 1 spell: Apportation
  1074 | D:1      | Identified 3 scrolls of acquirement
  1074 | D:1      | Acquired the ring "Simoamm" {Int+2 Slay+5 SInv}
  1076 | D:1      | Acquired the +0 buckler "Ajass" {rPois rC++ Regen+ MP+9}
  1078 | D:1      | Acquired the amulet of Naopal {Reflect Dex+4 SH+5 Stlth+}
  1130 | D:2      | Reached XP level 4. HP: 33/33 MP: 0/0
  1309 | D:2      | Found Lemucar's Book Boutique.
  1346 | D:2      | Identified the +2 hand axe "Plog" {drain, +Blink rCorr}
  1627 | D:2      | Reached skill level 4 in Spellcasting
  1928 | D:3      | Found a shimmering altar of Xom.
  1993 | D:3      | Found a glowing silver altar of Zin.
  2045 | D:3      | Found a stormy altar of Qazlal.
  2076 | D:3      | Found a glowing golden altar of the Shining One.
  2633 | D:4      | Noticed Blork the orc
  2642 | D:4      | Killed Blork the orc
  2643 | D:4      | Reached skill level 1 in Shields
  2643 | D:4      | Reached XP level 5. HP: 35/39 MP: 0/0
  2643 | D:4      | Learned a level 2 spell: Scorch
  2703 | D:4      | Reached XP level 6. HP: 45/45 MP: 0/0
  2844 | D:4      | Found an ornate altar of the Wu Jian Council.
  2983 | D:4      | Found a sparkling altar of Nemelex Xobeh.
  3230 | D:5      | Entered Level 5 of the Dungeon
  3230 | D:5      | Noticed Ijyb
  3248 | D:5      | Noticed an ogre
  3260 | D:5      | Killed an ogre
  3261 | D:5      | Reached XP level 7. HP: 37/50 MP: 0/0
  3261 | D:5      | Learned a level 2 spell: Ensorcelled Hibernation
  3297 | D:5      | Reached skill level 5 in Spellcasting
  3334 | D:5      | Noticed Grinder
  3403 | D:5      | Killed Grinder
  3404 | D:5      | Reached XP level 8. HP: 56/58 MP: 0/0
  3572 | D:5      | Killed Ijyb
  3609 | D:5      | Reached skill level 6 in Spellcasting
  3718 | D:5      | Found a sacrificial altar of Ru.
  3781 | D:5      | Slain by a wight

Illustrated notes

Levels and vault maps discovered:
D:1:      psy_arrival_dodecagon, layout_basic,
          dreamdust_ecumenical_altar_sealed_demon
D:2:      layout_loops_cross, serial_shops, shop, minmay_misc_feat_cross,
          glass_columns_c, minmay_ruptured
D:3:      layout_basic, xom_butterflies, nicolae_qazlal_scattered_showers,
          nicolae_overflow_crystal_walls, tso_oasis_becter
D:4:      layout_cave_pools, kennysheep_mini, nicolae_wu_jian_wuxing_cycle,
          serial_column_ruins, column_ruins_circle_small, column_ruins_grid_3,
          column_ruins_open_large, column_ruins_grid_1, column_ruins_grid_1,
          column_ruins_open_tiny, chequers_hall_statues_wall_a,
          chequers_serial_rivers_micro_c, uniq_blork_the_orc
D:5:      minmay_evil_eye, layout_rooms, nicolae_ru_the_path_less_chosen,
          uniq_ijyb, uniq_grinder

Skill      XL: |  1  2  3  4  5  6  7  8 |
---------------+-------------------------+-----
Spellcasting   | 3 4 5 6 |  6.0
Long Blades    | 2 3 4 |  4.1
Shields        | 1 2 3 |  3.9
Fighting       | 3 4 |  4.5
Throwing       | |  0.7
Armour         | |  1.0
Dodging        | |  2.1

Action                     |  1- 3 |  4- 6 |  7- 9 || total
---------------------------+-------+-------+-------++-------
  Melee: Falchion          |    81 |   108 |    97 ||   286
   Cast: Vhi's Electric Ch |     7 |    16 |    10 ||    33
         Blink             |       |     4 |     3 ||     7
         Manifold Assault  |       |     4 |    13 ||    17
         Scorch            |       |     9 |     1 ||    10
         Ensorcelled Hiber |       |       |     1 ||     1
    Use: Scroll            |     3 |       |       ||     3
   Stab: Sleeping          |     1 |       |       ||     1
 Armour: Leather armour    |    15 |    28 |    14 ||    57
  Dodge: Dodged            |    50 |    29 |    40 ||   119
  Block: Buckler           |       |    37 |    50 ||    87
         Reflection        |       |       |     1 ||     1
